 Dungeon Crawl Stone Soup version 0.31-a0-145-g046c7d2549 (webtiles) character file.

Game seed: 11823156983723670185

194 Ijustatesigmund the Stinger (level 5, -12/32 HPs)
             Began as an Octopode Venom Mage on June 6, 2023.
             Mangled by an ogre
             ... wielding a +0 giant club
              (26 damage)
             ... on level 4 of the Dungeon.
             The game lasted 00:07:32 (3634 turns).

Ijustatesigmund the Stinger (Octopode Venom Mage)   Turns: 3634, Time: 00:07:32

Health: -12/32     AC:  1    Str:  7    XL:     5   Next: 73%
Magic:  0/9        EV: 13    Int: 20    God:
Gold:   88         SH:  5    Dex: 12    Spells: 4/10 levels left

rFire   . . .        c - staff of conjuration
rCold   . . .        (no shield)
rNeg    . . .        (helmet restricted)
rPois   .            b - amulet of reflection
rElec   .            (no ring)
rCorr   .            (no ring)
SInv    .            (no ring)
Will    .....        (no ring)
Stlth   +++          (no ring)
HPRegen 0.25/turn    (no ring)
MPRegen 0.11/turn    (no ring)
                     (no ring)

%: reflection
@: very slightly contaminated
A: almost no armour, amphibious, 8 rings, camouflage 1, gelatinous body 1,
(nimble swimmer 1), tentacles
a: no special abilities


You were on level 4 of the Dungeon.
You visited 1 branch of the dungeon, and saw 4 of its levels.

You collected 218 gold pieces.
You spent 130 gold pieces at shops.

Inventory:

Magical Staves
 c - a staff of conjuration (weapon)
Jewellery
 b - an amulet of reflection (around mantle)
Wands
 h - a wand of mindburst (19)
Scrolls
 d - 3 scrolls of teleportation
 i - a scroll of vulnerability {unknown}
Potions
 a - a potion of magic
 e - a potion of mutation
 f - 2 potions of heal wounds
 g - a potion of might {unknown}
 j - a potion of lignification {unknown}


   Skills:
 - Level 0.6 Fighting
 - Level 2.0 Dodging
 - Level 2.6 Stealth
 + Level 3.0 Spellcasting
 + Level 1.9 Conjurations
 + Level 2.4 Transmutations
 + Level 1.8 Air Magic
 + Level 4.7 Poison Magic


You had 4 spell levels left.
You knew the following spells:

 Your Spells              Type           Power      Damage    Failure   Level
a - Sting                 Tmut/Pois      68%        1d6       3%          1
b - Poisonous Vapours     Pois/Air       32%        N/A       5%          2
c - Mephitic Cloud        Conj/Pois/Air  21%        N/A       14%         3

Your spell library contained the following spells:

 Spells                   Type           Power      Damage    Failure   Level
 Olgreb's Toxic Radiance  Pois           22%        N/A       21%         4


Dungeon Overview and Level Annotations

Branches:
Dungeon (4/15)
 Temple: D:4-7

Altars:

Shops:
D:3 !


Innate Abilities, Weirdness & Mutations

You cannot wear most types of armour.
You are amphibious.
You can wear up to eight rings at the same time.
Your skin changes colour to match your surroundings (Stealth+).
Your rubbery body absorbs attacks. (AC +1, EV +1)
((You are camouflaged when in or above water. (Stealth+)))
You have tentacles for arms and can constrict up to eight enemies at once.


Message History

Found a dagger.
You kill the ball python!
No target in view!
No target in view!
No target in view!
No target in view!
No target in view!
No target in view!
No target in view!
No target in view!
An ogre comes into view. It is wielding a +0 giant club.
Casting: Poisonous Vapours (safe; 5% risk of failure)
Confirm with . or Enter, or press ? or * to list all spells.
Aiming: Poisonous Vapours (safe; 5% risk of failure)
Press: ? - help, Dir - move target, f - ogre
Aim: an ogre, wielding a +0 giant club Poisonous vapours surround the ogre!
The ogre is poisoned.
Casting: Poisonous Vapours (safe; 5% risk of failure)
Confirm with . or Enter, or press ? or * to list all spells.
Aiming: Poisonous Vapours (safe; 5% risk of failure)
Press: ? - help, Dir - move target, f/p - ogre
Aim: an ogre, wielding a +0 giant club (lightly wounded, poisoned) Poisonous vapours surround the ogre!
The ogre looks even sicker.
Casting: Poisonous Vapours (safe; 5% risk of failure)
Confirm with . or Enter, or press ? or * to list all spells.
Aiming: Poisonous Vapours (safe; 5% risk of failure)
Press: ? - help, Dir - move target, f/p - ogre
Aim: an ogre, wielding a +0 giant club (lightly wounded, very poisoned)
You miscast Poisonous Vapours.
You are very lightly contaminated with residual magic.
Nothing appears to happen.
The ogre hits you with a +0 giant club!!
Ouch! That really hurt!
You hit the ogre.
The ogre is lightly wounded.
You hit the ogre.
The ogre is moderately wounded.
The ogre hits you with a +0 giant club!!
Ouch! That really hurt!
You die...

############ #.......)..#
#..........# #..........#
... #..........#
......#######..........#
............#..........#
.........^..#......†...##
............#).O@.....>..#
............#.....!.......
.................######...
............#......# ..
.......)....#......... .
##########'##......###
#.##....<.# #.##......#
#.##......#


You could see an ogre (very poisoned).

Vanquished Creatures
  A howler monkey (D:4)
  2 jellies (D:3)
  2 adders (D:2)
  A worm (D:2)
  A dart slug (D:1)
  An orc (D:4)
  4 bats
  14 endoplasms
  2 giant cockroaches
  5 goblins
  3 hobgoblins
  2 jackals (D:4)
  17 kobolds
  2 quokkas
  6 ball pythons
  A frilled lizard (D:2)
  3 rats
67 creatures vanquished.

Notes
Turn   | Place    | Note
-------+----------+-------------------------------------------
     0 | D:1      | Ijustatesigmund the Octopode Venom Mage began the quest for
                  | the Orb.
     0 | D:1      | Reached XP level 1. HP: 11/11 MP: 3/3
   327 | D:1      | Reached XP level 2. HP: 12/18 MP: 3/5
   330 | D:1      | Learned a level 2 spell: Poisonous Vapours
  1067 | D:2      | Reached skill level 4 in Poison Magic
  1067 | D:2      | Reached XP level 3. HP: 22/22 MP: 3/6
  1127 | D:2      | Learned a level 3 spell: Mephitic Cloud
  1949 | D:3      | Found Agomosuw's Distillery.
  2015 | D:3      | Bought a potion of mutation for 80 gold pieces
  2015 | D:3      | Bought a potion of heal wounds for 50 gold pieces
  2211 | D:3      | Reached skill level 1 in Conjurations
  2212 | D:3      | Reached skill level 1 in Air Magic
  2212 | D:3      | Reached XP level 4. HP: 10/27 MP: 2/7
  2562 | D:3      | Reached XP level 5. HP: 7/32 MP: 9/9
  3154 | D:3      | Found a faded altar of an unknown god.
  3627 | D:4      | Noticed an ogre
  3634 | D:4      | Mangled by an ogre

Illustrated notes

Levels and vault maps discovered:
D:1:      dpeg_arrival_ternary, layout_loops_cross,
          chequers_serial_rivers_large_b, minmay_misc_feat_alley,
          nicolae_concentric_dashed_squares_mild, minmay_misc_feat_tiny,
          minmay_liquid_box
D:2:      layout_loops_ring
D:3:      cheibrodos_fertilizer, layout_basic, serial_shops, shop,
          shapermc_ecumenical_altar_mp_highgroup
D:4:      layout_basic, general_overflow_altar, minivault_4

Skill      XL: |  1  2  3  4  5 |
---------------+----------------+-----
Poison Magic   | 4 |  4.7
Conjurations   | 1 |  1.9
Air Magic      | 1 |  1.8
Transmutations | 2 |  2.4
Spellcasting   | 3 |  3.0
Fighting       | |  0.6
Dodging        | |  2.0
Stealth        | |  2.6

Action                     |  1- 3 |  4- 6 || total
---------------------------+-------+-------++-------
  Melee: Staff             |    45 |    84 ||   129
         Constrict         |    15 |    11 ||    26
         Unarmed           |     3 |       ||     3
         Tentacles         |    10 |    21 ||    31
         Punch             |       |     1 ||     1
   Cast: Sting             |    17 |     7 ||    24
         Poisonous Vapours |    13 |    15 ||    28
         Mephitic Cloud    |     1 |       ||     1
    Use: Scroll            |     5 |       ||     5
         Potion            |       |     2 ||     2
   Stab: Sleeping          |     2 |     5 ||     7
 Armour: Skin              |     4 |     5 ||     9
  Dodge: Dodged            |    35 |    45 ||    80
  Block: Other             |       |     7 ||     7
         Reflection        |       |     1 ||     1

Table legend: (Time is in decaauts)
 A = Elapsed time spent in this place.
 B = Non-inter-level travel time spent in this place.
 C = Inter-level travel time spent in this place.
 D = Time resting spent in this place.
 E = Time spent auto-exploring this place.
 F = Levels seen in this place.
 G = Mean time per level.
                   A        B        C        D        E       F      G
               +--------+--------+--------+--------+--------+-----+--------+
         Total |   3639 |   3560 |     79 |    612 |   2477 |   4 |  909.8 |
       Dungeon |   3639 |   3560 |     79 |    612 |   2477 |   4 |  909.8 |
               +--------+--------+--------+--------+--------+-----+--------+

Top non-repeatable levels by time:
     D:3: 1418 daAuts
     D:2: 1036 daAuts
     D:1: 915 daAuts
     D:4: 269 daAuts
